 Dungeon Crawl Stone Soup version 0.30-a0-347-gf58ed5266c (webtiles) character file.

Game seed: 14878146988953912870

987 HolyTactitian the Conjurer (level 8, -2/56 HPs)
             Began as a Human Conjurer on Nov 6, 2022.
             Was an Initiate of Sif Muna.
             Slain by a shadow wraith (22 damage)
             ... created by the anger of Yredelemnul
             ... on level 5 of the Dungeon.
             The game lasted 01:20:43 (6514 turns).

HolyTactitian the Conjurer (Human Conjurer)         Turns: 6514, Time: 01:20:44

Health: -2/56      AC: 10    Str:  7    XL:     8   Next: 41%
Magic:  9/14       EV: 12    Int: 20    God:    Sif Muna [......]
Gold:   185        SH:  0    Dex: 13    Spells: 5/15 levels left

rFire   . . .      SeeInvis .    m - +3 quarterstaff (chaos)
rCold   . . .      Faith    .    (shield currently unavailable)
rNeg    . . .      Spirit   .    e - +0 leather armour
rPois   .          Reflect  .    q - +1 helmet
rElec   .          Harm     .    (no cloak)
rCorr   .          Rampage  .    p - +0 pair of gloves
Will    .....                    (no boots)
Stlth   ++........               (no amulet)
HPRegen 0.29/turn                g - +4 ring of protection
MPRegen 0.14/turn                (no ring)

@: very slightly contaminated, slowed, very slow
A: no striking features
a: Renounce Religion


You were on level 5 of the Dungeon.
You worshipped Sif Muna.
Sif Muna was noncommittal.
You visited 2 branches of the dungeon, and saw 6 of its levels.

You collected 185 gold pieces.

Inventory:

Hand Weapons
 b - a +0 dagger
 d - a +0 short sword
 f - a +2 mace of holy wrath
 m - a +3 quarterstaff of chaos (weapon)
Missiles
 l - 12 poisoned darts
Armour
 a - a +0 robe
 e - a +0 leather armour (worn)
 p - a +0 pair of gloves (worn)
 q - a +1 helmet (worn)
 u - an orb of wrath
Jewellery
 g - a +4 ring of protection (left hand)
Scrolls
 i - 2 scrolls of enchant weapon
 s - a scroll of immolation {unknown}
 t - a scroll of enchant armour {unknown}
 v - a scroll of acquirement {unknown}
Potions
 c - a potion of brilliance
 h - 3 potions of curing
 j - a potion of attraction {unknown}
 k - 4 potions of heal wounds
 n - a potion of degeneration {unknown}
 o - a potion of berserk rage {unknown}
 r - 2 potions of flight {unknown}
 w - a potion of might


   Skills:
 + Level 2.3 Fighting
 + Level 1.6 Short Blades
 + Level 1.8(2.3) Maces & Flails
 + Level 2.1(2.4) Staves
 + Level 0.3 Throwing
 + Level 3.6 Armour
 + Level 3.6 Dodging
 + Level 2.7 Stealth
 + Level 4.1 Spellcasting
 + Level 5.7 Conjurations


You had 5 spell levels left.
You knew the following spells:

 Your Spells              Type           Power      Damage    Failure   Level
a - Magic Dart            Conj           100%       1d8       1%          1
b - Searing Ray           Conj           54%        2d6       2%          2
c - Dazzling Flash        Conj/Hex       30%        N/A       17%         3
d - Passwall              Tmut/Erth      3%         N/A       28%         2
e - Poisonous Vapours     Pois/Air       8%         N/A       28%         2

Your spell library contained the following spells:

 Spells                   Type           Power      Damage    Failure   Level
 Mephitic Cloud           Conj/Pois/Air  11%        N/A       26%         3
 Cigotuvi's Dreadful Rot  Necr/Pois/Air  8%         N/A       28%         2
 Ensorcelled Hibernation  Hex/Ice        8%         N/A       28%         2
 Inner Flame              Hex/Fire       4%         N/A       50%         3
 Swiftness                Air            4%         N/A       50%         3
 Fulminant Prism          Conj/Hex       7%         3d7       50%         4
 Iskenderun's Mystic Bla  Conj/Tloc      15%        2d5       50%         4
 Sticky Flame             Conj/Fire      15%        2d4       50%         4
 Cause Fear               Hex            2%         N/A       88%         4
 Monstrous Menagerie      Summ           2%         N/A       100%        7
 Discord                  Hex            2%         N/A       100%        8
 Ignition                 Fire           2%         3d3       100%        8


Dungeon Overview and Level Annotations

Branches:
Dungeon (5/15)             Temple (1/1) D:5

Altars:
Elyvilon
Fedhas
Gozag
Hepliaklqana
Kikubaaqudgha
Okawaru
Sif Muna
Trog
Uskayaw
Vehumet
Wu Jian
Yredelemnul
Zin


Message History

Pain shoots through your body!
Aiming: Searing Ray (safe; 2% risk of failure)
Press: ? - help, Q - select action, (/) - cycle Shift-Dir - straight line The searing ray hits the shadow imp.
The shadow imp is almost dead. (Press . to maintain the ray.)
The shadow imp completely misses you.
The searing ray hits the shadow imp!
You kill the shadow imp!
Sif Muna accepts your kill.
Okay, then.
You start resting.
HP restored.
You start resting.
Magic restored.
You start waiting.
Yredelemnul sends a servant to punish you.
Casting: Dazzling Flash (dangerous; 17% risk of failure)
Press: ? - help, Q - select action, (/) - cycle Dir - look around, f - activate You miscast Dazzling Flash.
You are very lightly contaminated with residual magic.
Nothing appears to happen.
Something hits you but does no damage.
Deactivating autopickup; reactivate with Ctrl-A.
You hit something. You burn something. Something hits you!!
Something drains your vigour!
You feel yourself slow down.
You feel much better. Something hits you!!
Unknown command.
You feel much better. Something hits you! Something drains your vigour!
You feel as though you will be slow longer.
Something hits you. Something drains your vigour!
You feel as though you will be slow longer.
Unknown command.
You hit something. Something barely misses you. Something hits you!
Something drains your vigour!
You feel as though you will be slow longer.
Casting: Dazzling Flash (dangerous; 17% risk of failure)
Press: ? - help, Q - select action, (/) - cycle Dir - look around, f - activate Something hits you!!
You die...

.# .###. ##.#... .....#.
....... ################
..∩..#
...............###.....##
#..............{@........
..############.#####.####
### #.# #.# .# #.# #.# .#
#.#####.# .# .#
##.......# #.### .#
#........# #.#.. .#
#........########.#.. .#
#...............#.#..


There were no monsters in sight!

Vanquished Creatures
  Grinder (D:4)
  An ogre (D:5)
  A necrophage (D:5)
  3 quasits (D:5)
  An orc priest (D:3)
  A hound (D:4)
  Crazy Yiuf (D:4)
  2 jellies
  An iguana (D:5)
  Natasha (thrice) (D:4)
  3 orc wizards
  Robin (D:4)
  4 gnolls
  5 adders
  2 shadow imps
  A white imp (D:5)
  4 ufetubi (D:5)
  A worm (D:2)
  A dart slug (D:4)
  7 orcs
  6 ball pythons
  3 bats
  5 endoplasms
  4 giant cockroaches
  13 goblins
  3 hobgoblins
  9 jackals
  4 quokkas
  A frilled lizard (D:1)
  6 kobolds
  6 rats
104 creatures vanquished.

Vanquished Creatures (others)
  A plant (D:2)
1 creature vanquished.

Grand Total: 105 creatures vanquished

Notes
Turn   | Place    | Note
-------+----------+-------------------------------------------
     0 | D:1      | HolyTactitian the Human Conjurer began the quest for the
                  | Orb.
     0 | D:1      | Reached XP level 1. HP: 13/13 MP: 3/3
    34 | D:1      | Reached XP level 2. HP: 19/19 MP: 3/5
    37 | D:1      | Learned a level 2 spell: Searing Ray
   181 | D:1      | Got Quddenk's Enchiridion on Fiery Attendants
   209 | D:1      | Reached XP level 3. HP: 22/24 MP: 1/6
  1170 | D:2      | Reached XP level 4. HP: 30/30 MP: 5/7
  1950 | D:3      | You fall into a shaft and drop 1 floor!
  2006 | D:4      | Reached skill level 1 in Short Blades
  2074 | D:4      | Reached skill level 1 in Armour
  2074 | D:4      | Reached skill level 5 in Conjurations
  2074 | D:4      | Reached XP level 5. HP: 22/36 MP: 2/8
  2377 | D:4      | Reached XP level 6. HP: 11/42 MP: 1/10
  2686 | D:4      | Reached skill level 1 in Fighting
  2690 | D:4      | Noticed Grinder
  2702 | D:4      | Killed Grinder
  2703 | D:4      | Reached XP level 7. HP: 30/48 MP: 2/11
  2879 | D:4      | Learned a level 3 spell: Dazzling Flash
  2919 | D:4      | Noticed Natasha
  2936 | D:4      | Killed Natasha
  3529 | D:4      | Noticed Natasha
  3533 | D:4      | Killed Natasha
  3567 | D:4      | Found a runed translucent door.
  3568 | D:4      | Noticed Crazy Yiuf
  3590 | D:4      | Noticed Natasha
  3595 | D:4      | Killed Natasha
  3596 | D:4      | Reached skill level 1 in Maces & Flails
  3670 | D:4      | Noticed Robin
  3677 | D:4      | Killed Robin
  3791 | D:4      | Killed Crazy Yiuf
  3799 | D:4      | Learned a level 2 spell: Passwall
  5228 | D:5      | Entered Level 5 of the Dungeon
  5283 | D:5      | Reached XP level 8. HP: 40/56 MP: 7/13
  5340 | D:5      | Reached skill level 1 in Staves
  5635 | D:5      | Found a staircase to the Ecumenical Temple.
  5966 | Temple   | Entered the Ecumenical Temple
  6059 | Temple   | Became a worshipper of Yredelemnul the Dark
  6096 | Temple   | Fell from the grace of Yredelemnul
  6096 | Temple   | Became a worshipper of Sif Muna the Loreminder
  6385 | D:5      | Learned a level 2 spell: Poisonous Vapours
  6514 | D:5      | Slain by a shadow wraith

Illustrated notes

Levels and vault maps discovered:
D:1:      psy_arrival_dodecagon, layout_basic, chequers_serial_rivers_marsh,
          minmay_pentomino_r4
D:2:      layout_loops_ring, serial_bayou_crossing
D:3:      layout_basic, chequers_ecumenical_altar_grove,
          amcnicky_mini_pool_small
D:4:      cheibrodos_helix_gallery, layout_layer_cave, uniq_grinder,
          uniq_natasha, uniq_crazy_yiuf_cottage, uniq_robin
D:5:      layout_basic, minmay_temple_entry_statues, serial_demonic,
          serial_demonic_e, serial_demonic_e, serial_demonic_c, serial_demonic_d
Temple:   cyrus_circular_temple

Skill      XL: |  1  2  3  4  5  6  7  8 |
---------------+-------------------------+-----
Short Blades   | 1 |  1.6
Armour         | 1 3 |  3.6
Conjurations   | 5 |  5.7
Fighting       | 1 2 |  2.3
Dodging        | 3 |  3.6
Spellcasting   | 3 4 |  4.1
Maces & Flails | 1 |  1.8
Staves         | 2 |  2.1
Throwing       | |  0.3
Stealth        | |  2.7

Action                   |  1- 3 |  4- 6 |  7- 9 || total
-------------------------+-------+-------+-------++-------
Melee: Unarmed           |     7 |       |       ||     7
       Short sword       |    54 |    65 |       ||   119
       Dagger            |     5 |       |       ||     5
       Punch             |     1 |     1 |       ||     2
       Mace              |       |    10 |     5 ||    15
       Quarterstaff      |       |       |    46 ||    46
Throw: Dart              |       |     3 |       ||     3
 Cast: Magic Dart        |    23 |    26 |    42 ||    91
       Searing Ray       |    10 |    15 |    13 ||    38
       Dazzling Flash    |       |       |     2 ||     2
  Use: Potion            |     1 |     1 |     4 ||     6
       Scroll            |     1 |     3 |     4 ||     8
Armor: Robe              |    11 |       |       ||    11
       Leather armour    |    12 |    44 |    34 ||    90
Dodge: Dodged            |    40 |    46 |    64 ||   150

Table legend: (Time is in decaauts)
 A = Elapsed time spent in this place.
 B = Non-inter-level travel time spent in this place.
 C = Inter-level travel time spent in this place.
 D = Time resting spent in this place.
 E = Time spent auto-exploring this place.
 F = Levels seen in this place.
 G = Mean time per level.
                   A        B        C        D        E       F      G
               +--------+--------+--------+--------+--------+-----+--------+
         Total |   6558 |   6169 |    389 |   2174 |      0 |   6 | 1093.0 |
       Dungeon |   6407 |   6018 |    389 |   2174 |      0 |   5 | 1281.4 |
        Temple |    151 |    151 |      0 |      0 |      0 |   1 |  151.0 |
               +--------+--------+--------+--------+--------+-----+--------+

Top non-repeatable levels by time:
     D:4: 2163 daAuts
     D:5: 1142 daAuts
     D:3: 1126 daAuts
     D:1: 990 daAuts
     D:2: 983 daAuts
  Temple: 151 daAuts
